 Dungeon Crawl Stone Soup version 0.29-a0-1023-g6ae1a4a2c7 (webtiles) character file.

Game seed: 4714502706447210861

32 spiderkeys the Trooper (level 3, 0/26 HPs)
             Began as an Octopode Berserker on Aug 12, 2022.
             Was a Believer of Trog.
             Slain by a hobgoblin (3 damage)
             ... on level 2 of the Dungeon.
             The game lasted 00:00:54 (974 turns).

spiderkeys the Trooper (Octopode Berserker)          Turns: 974, Time: 00:00:54

Health: 0/26       AC:  1    Str: 16    XL:     3   Next: 27%
Magic:  3/3        EV: 14    Int:  9    God:    Trog [**....]
Gold:   0          SH:  0    Dex: 13    Spells: 2/2 levels left

rFire   . . .      SeeInvis .   a - +0 falchion
rCold   . . .      Faith    .   (no shield)
rNeg    . . .      Spirit   .   (helmet restricted)
rPois   .          Reflect  .   (no amulet)
rElec   .          Harm     .   L - ring of flight
rCorr   .          Rampage  .   (no ring)
Will    .....                   (no ring)
Stlth   +++.......              (no ring)
HPRegen 0.08/turn               (no ring)
MPRegen 0.08/turn               (no ring)
                                (no ring)
                                (no ring)

@: flying
A: almost no armour, amphibious, 8 rings, camouflage 1, gelatinous body 1,
(nimble swimmer 1), tentacles
a: Renounce Religion, Berserk, Trog's Hand


You were on level 2 of the Dungeon.
You worshipped Trog.
Trog was pleased with you.
You visited 1 branch of the dungeon, and saw 2 of its levels.


Innate Abilities, Weirdness & Mutations

You cannot wear most types of armour.
You are amphibious.
You can wear up to eight rings at the same time.
Your skin changes colour to match your surroundings (Stealth+).
Your rubbery body absorbs attacks. (AC +1, EV +1)
((You are camouflaged when in or above water. (Stealth+)))
You have tentacles for arms and can constrict up to eight enemies at once.


   Skills:
 + Level 3.3 Fighting
 + Level 3.3 Long Blades
 + Level 3.3 Dodging
 + Level 1.9 Stealth


You had 2 spell levels left.
You didn't know any spells.
Your spell library was empty.

Inventory:

Hand Weapons
 a - a +0 falchion (weapon)
Missiles
 b - 24 stones (quivered)
Jewellery
 L - a ring of flight (left tentacle)
   (You found it on level 1 of the Dungeon)
Scrolls
 c - 2 scrolls of teleportation {@r4}
 e - 3 scrolls of identify {@r1}
Potions
 d - a potion of haste {unknown}
 f - a potion of mutation {unknown}
 g - a potion of curing {unknown}
 h - a potion of might {unknown}
 i - a potion of brilliance {unknown}

Dungeon Overview and Level Annotations

Branches:
Dungeon (2/15) Zot: 11017

Altars:

#..$..(..#
#........# #
........##.#
## #.........#
#..w##..#:..#
...w.....(..#
)..###.#..###.
#wg...(..
#@#..####
#.##.# <.# .#
#### .# ..


You could see a worm and a hobgoblin.


Message History

No target in view!
No target in view!
No target in view!
i - a metallic amethyst potion Key pressed, stopping explore.
Key pressed, stopping explore.
You see here a ball python skeleton.
A ball python comes into view.
The ball python hisses angrily.
The ball python completely misses you. The ball python misses you.
You closely miss the ball python. Your grab misses the ball python.
The ball python bites you.
The ball python completely misses you. 😕 HP[-3]
You take 3 damage, and now have 23/26 hp.
You slash the ball python!
You kill the ball python!
Trog accepts your kill.
No target in view!
No target in view!
Key pressed, stopping explore.
Key pressed, stopping explore.
There is a stone staircase leading down here.
You see here a +3 leather armour.
Done exploring. 😎 HP[+3]
Your hp is fully restored (26).
Done exploring.
Done exploring.
As you read the scroll labelled SYPSEO VOIFAJANO, it crumbles to dust.
It is a scroll of identify.
c - 2 scrolls of teleportation
There is an escape hatch in the floor here.
There is a stone staircase leading down here.
You fly downwards.
Found 8 stones.
Found a stone staircase leading up.
There is a stone staircase leading up here.
A hobgoblin comes into view.
A hobgoblin is nearby!
A hobgoblin, 2 jackals and a frilled lizard come into view.
Found 6 gold pieces.
Found a stone staircase leading down.
The hobgoblin shouts! x2; The frilled lizard hisses angrily.
The jackal barks!
A giant cockroach comes into view.
The hobgoblin closely misses you.
You hit the hobgoblin. Your grab misses the hobgoblin.
A worm comes into view.
The hobgoblin hits you. 😕 HP[-4]
You take 4 damage, and now have 22/26 hp.
You closely miss the hobgoblin. Your grab misses the hobgoblin.
You squeeze the hobgoblin.
You kill the hobgoblin!
Trog accepts your kill.
You can now call upon Trog for regeneration and willpower.
A dart slug comes into view.
The frilled lizard bites you but does no damage.
The jackal bites you but does no damage.
The jackal attacks as you move away! The jackal completely misses you.
There is a stone staircase leading up here.
You hit the jackal. You grab the jackal. You squeeze the jackal.
You kill the jackal!
Trog accepts your kill. The jackal bites you. 😕 HP[-1]
You take 1 damage, and now have 21/26 hp.
You closely miss the jackal. You grab the jackal.
You squeeze the jackal, but do no damage.
You constrict the jackal. The jackal closely misses you.
The jackal misses you. 😕 HP[+1]
You hit the jackal. Your squeeze misses the jackal. You constrict the jackal.
You kill the jackal!
Trog accepts your kill. The giant cockroach closely misses you.
The giant cockroach misses you.
You hit the frilled lizard.
You kill the frilled lizard!
Trog accepts your kill. The giant cockroach barely misses you.
You hit the giant cockroach. Your grab misses the giant cockroach.
The giant cockroach bites you. x2 😕 HP[-2]
You take 2 damage, and now have 20/26 hp.
You hit the giant cockroach.
You kill the giant cockroach!
Trog accepts your kill. The worm bites you!
* * * LOW HITPOINT WARNING * * *
😨 HP[-7]
You take 7 damage, and now have 13/26 hp.
MASSIVE DAMAGE!! (PAUSE)
You hit the worm. You grab the worm. You tentacle-slap the worm.
You constrict the worm. The hobgoblin hits you.
* * * LOW HITPOINT WARNING * * *
The worm bites you.
* * * LOW HITPOINT WARNING * * *
😱 HP[-10]
You take 10 damage, and now have 3/26 hp.
MASSIVE DAMAGE!! (PAUSE)
You hit the worm. You constrict the worm. The hobgoblin closely misses you.
You hit the worm. You squeeze the worm. You constrict the worm.
The hobgoblin hits you.
You die...

Skill      XL: |  1 |
---------------+----+-----
Stealth        | 1 |  1.9
Fighting       | |  3.3
Long Blades    | |  3.3
Dodging        | |  3.3

Action                   || total
-------------------------++-------
Melee: Falchion          ||    56
       Constrict         ||    11
       Tentacles         ||    11
       Punch             ||     1
  Use: Scroll            ||     1
 Stab: Sleeping          ||     2
Armor: Skin              ||     5
Dodge: Dodged            ||    45

Levels and vault maps discovered:
D:1:      co_arrival_square_in_a_square_in_a_square, layout_rooms
D:2:      layout_loops_ring, shapermc_ecumenical_altar_mp_vishouse,
          kennysheep_generic_room_8, uniq_natasha

Notes
Turn   | Place    | Note
-------+----------+-------------------------------------------
     0 | D:1      | spiderkeys the Octopode Berserker began the quest for the
                  | Orb.
     0 | D:1      | Reached XP level 1. HP: 16/16 MP: 1/1
     0 | D:1      | magus.rc [v1.11.3]
    68 | D:1      | Reached skill level 1 in Stealth
    68 | D:1      | Reached XP level 2. HP: 17/21 MP: 2/2
   773 | D:1      | Reached XP level 3. HP: 26/26 MP: 3/3
   962 | D:2      | Reached ** piety under Trog
   972 | D:2      | HP: 3/26 [worm (6)]
   974 | D:2      | Slain by a hobgoblin

Vanquished Creatures
  A dart slug (D:1)
  3 endoplasms (D:1)
  A giant cockroach (D:2)
  2 goblins (D:1)
  A hobgoblin (D:2)
  2 jackals (D:2)
  4 quokkas (D:1)
  4 ball pythons (D:1)
  5 bats (D:1)
  3 frilled lizards
  2 rats (D:1)
28 creatures vanquished.

Table legend:
 A = Non-vault XP
 B = Vault XP
 C = Vault XP percentage of total XP
 D = Non-vault monster count
 E = Vault monster count
 F = Vault count percentage of total count
                 A         B        C        D         E       F
            +---------+---------+-------+---------+---------+-------
      Total |      47 |       0 |   0.0 |      28 |       0 |   0.0
            +---------+---------+-------+---------+---------+-------
        D:1 |      38 |       0 |   0.0 |      23 |       0 |   0.0
        D:2 |       9 |       0 |   0.0 |       5 |       0 |   0.0
            +---------+---------+-------+---------+---------+-------

Illustrated notes

Table legend:
 A = Kills in this place as a percentage of kills in entire the game.
 B = Kills by you in this place as a percentage of kills by you in the entire game.
 C = Kills by friends in this place as a percentage of kills by friends in the entire game.
 D = Other kills in this place as a percentage of other kills in the entire game.
 E = Experience gained in this place as a percentage of experience gained in the entire game.
 F = Experience gained in this place divided by the number of levels of this place that you have seen.
                   A       B       C       D       E      F
               +-------+-------+-------+-------+-------+----------------------
         Total | 100.0 | 100.0 |   N/A |   N/A | 100.0 |  23.5
       Dungeon | 100.0 | 100.0 |   N/A |   N/A | 100.0 |  23.5
               +-------+-------+-------+-------+-------+----------------------

Table legend: (Time is in decaauts)
 A = Elapsed time spent in this place.
 B = Non-inter-level travel time spent in this place.
 C = Inter-level travel time spent in this place.
 D = Time resting spent in this place.
 E = Time spent auto-exploring this place.
 F = Levels seen in this place.
 G = Mean time per level.
                   A        B        C        D        E       F      G
               +--------+--------+--------+--------+--------+-----+--------+
         Total |    981 |    959 |     22 |      0 |    816 |   2 |  490.5 |
       Dungeon |    981 |    959 |     22 |      0 |    816 |   2 |  490.5 |
               +--------+--------+--------+--------+--------+-----+--------+

Top non-repeatable levels by time:
     D:1: 963 daAuts
     D:2: 18 daAuts
